 Dungeon Crawl Stone Soup version 0.25-a0-942-g87a5396 (webtiles) character file.

Game seed: 8822563112989165754, levelgen mode: deterministic

5282 DrEnzyme the Slicer (level 10, -5/63 HPs)
             Began as a Kobold Wanderer on May 7, 2020.
             Was a Believer of Ru.
             Slain by a troll (15 damage)
             ... on level 10 of the Dungeon.
             The game lasted 00:32:58 (14715 turns).

DrEnzyme the Slicer (Kobold Wanderer)              Turns: 14715, Time: 00:32:59

Health: -5/63      AC: 10    Str: 12    XL:     10   Next: 94%
Magic:  14/14      EV: 18    Int: 17    God:    Ru [**....]
Gold:   437        SH:  3    Dex: 14    Spells: 11/15 levels left

rFire    . . .     SeeInvis .   b - +3 long sword
rCold    + . .     Gourm    .   (shield restricted)
rNeg     + . .     Faith    .   t - +2 robe {rC+}
rPois    .         Spirit   .   n - +1 helmet
rElec    .         Reflect  +   g - +0 cloak
rCorr    .         Harm     .   w - +2 pair of gloves
MR       .....                  (no boots)
Stlth    +++++.....             p - +3 amulet of reflection
HPRegen  0.20/turn              s - +2 ring of strength
MPRegen  0.14/turn              r - ring of positive energy (curse)

@: hasted, very quick
A: small, carnivore, inability to use devices
a: Renounce Religion


You were on level 10 of the Dungeon.
You worshipped Ru.
Ru was pleased with you.
You were completely stuffed.

You visited 1 branch of the dungeon, and saw 10 of its levels.

You collected 733 gold pieces.
You spent 296 gold pieces at shops.

Inventory:

Hand Weapons
 a - a +3 short sword
 b - a +3 long sword (weapon)
 e - a +0 dagger
Missiles
 u - 2 throwing nets
 B - 7 curare-tipped darts (quivered)
Armour
 d - a +0 robe
 g - a +0 cloak (worn)
 n - a +1 helmet (worn)
 q - a +0 leather armour
 t - a +2 robe of cold resistance (worn)
 w - a +2 pair of gloves (worn)
 y - a +1 leather armour of fire resistance
Jewellery
 p - a +3 amulet of reflection (around neck)
 r - a cursed ring of positive energy (right hand)
 s - a +2 ring of strength (left hand)
Scrolls
 c - 3 scrolls of enchant weapon
 i - 3 scrolls of identify
 j - a scroll of fog
 k - 6 scrolls of remove curse
 D - a scroll of vulnerability
 E - a scroll of fear
 F - 2 scrolls of enchant armour
 G - 2 scrolls of teleportation
 H - a scroll of amnesia {unknown}
 I - a scroll of brand weapon {unknown}
Potions
 h - a potion of invisibility
 l - 2 potions of stabbing
 m - 2 potions of degeneration
 o - 2 potions of mutation
 v - 2 potions of lignification
 x - 2 potions of brilliance
 z - 3 potions of curing
 A - 2 potions of haste
 C - 2 potions of ambrosia
Comestibles
 f - 12 rations


   Skills:
 * Level 7.3 Fighting
 - Level 11.2(12.1) Short Blades
 * Level 4.9(6.8) Long Blades
 + Level 2.8 Armour
 + Level 5.8 Dodging
 * Level 11.1 Stealth
 + Level 3.3 Spellcasting


You had 11 spell levels left.
You knew the following spells:

 Your Spells              Type           Power        Failure   Level  Hunger
a - Frozen Ramparts       Ice            #.....       45%         3    ###....
b - Animate Skeleton      Necr           N/A          17%         1    None

Your spell library contained the following spells:

 Spells                   Type           Power        Failure   Level  Hunger
 Freeze                   Ice            #...         17%         1    None
 Pain                     Necr           #...         17%         1    None
 Ozocubu's Armour         Chrm/Ice       #.......     45%         3    ###....
 Vampiric Draining        Necr           #.........   45%         3    ###....
 Animate Dead             Necr           N/A          86%         4    ####...
 Hailstorm                Conj/Ice       #.......     86%         4    ####...
 Summon Ice Beast         Ice/Summ       #.......     86%         4    ####...
 Agony                    Necr           #.......     99%         5    ######.


Dungeon Overview and Level Annotations

Branches:
Dungeon (10/15)            Temple (0/1) D:7
   Lair: D:8-11         Orc: D:9-12

Altars:
Ashenzari
Fedhas
Gozag
Hepliaklqana
Kikubaaqudgha
Nemelex Xobeh
Okawaru
Ru
Sif Muna
Uskayaw
Wu Jian
Yredelemnul
Zin

Shops:
D:10 ?

Annotations:
D:7 exclusion: 4 slaves, Pikel
D:9 2 runed translucent doors


Innate Abilities, Weirdness & Mutations

You are small and have problems with some larger weapons.
You are carnivorous and can eat meat at any time.
You cannot study or use magical devices.


Message History

You hit the troll.
The troll is almost dead.
The troll bites you!
* * * LOW HITPOINT WARNING * * *
The troll closely misses you. x2
You barely miss the troll.
The troll is almost dead.
You block the troll's attack. The troll claws you.
* * * LOW HITPOINT WARNING * * *
The troll closely misses you.
Okay, then.
You hit the troll.
The troll is almost dead.
The troll stops glowing.
The troll closely misses you. The troll misses you. x2
You feel better. The troll bites you.
* * * LOW HITPOINT WARNING * * *
The troll closely misses you. The troll claws you!
* * * LOW HITPOINT WARNING * * *
You feel yourself speed up. The troll bites you!
You die...

........#...#
........#...#
y.......#...#
#######'#...#
#.........8.#
#....8......# #.
#...........+
#...###'#....)..#####
#....T@.#...[.......#
#.......#......8....#
#.......#.8.........# .
#####..[#...#'#######..
#...#...#..........
#...#...#..........
#...#...#..........
#...#####...######+
###...........#


You could see a troll.

Vanquished Creatures
  A troll (D:10)
  Sigmund (D:4)
  6 yaks
  Eustachio (D:4)
  A hungry ghost (D:8)
  Menkaure (D:5)
  Duvessa (D:5)
  2 sky beasts
  3 ice beasts
  A necrophage (D:8)
  An orc warrior (D:6)
  2 ogres
  A phantom (D:5)
  2 centaurs
  5 bullfrogs
  2 scorpions
  Dowan (D:5)
  3 howler monkeys (D:9)
  2 bullfrog zombies
  4 crimson imps
  2 jellies
  2 centaur skeletons
  6 orc priests
  6 hounds
  Ijyb (D:4)
  Jessica (D:2)
  Natasha (D:2)
  5 iguanas
  6 orc wizards
  11 worker ants
  A hound zombie (D:5)
  2 hound skeletons
  Robin (D:4)
  15 gnolls
  A howler monkey skeleton (D:5)
  12 adders
  2 shadow imps
  An ooze (D:1)
  An adder skeleton (D:4)
  5 worms
  3 dart slugs
  5 leopard geckos
  20 orcs
  11 bats
  6 giant cockroaches
  13 goblins
  5 hobgoblins
  19 jackals
  5 quokkas
  3 ball pythons
  7 frilled lizards
  A jackal skeleton (D:5)
  10 kobolds
  A leopard gecko skeleton (D:5)
  9 rats
241 creatures vanquished.

Vanquished Creatures (others)
  A yak (D:9)
1 creature vanquished.

Grand Total: 242 creatures vanquished

Notes
Turn   | Place    | Note
-------+----------+-------------------------------------------
     0 | D:1      | DrEnzyme the Kobold Wanderer began the quest for the Orb.
     0 | D:1      | DrEnzyme set off with the following items: a +2 short
                  | sword, a potion of curing, a potion of lignification, a +0
                  | robe, a +0 dagger, a ration
     0 | D:1      | Reached XP level 1. HP: 12/12 MP: 1/1
    76 | D:1      | Reached XP level 2. HP: 16/16 MP: 2/2
   262 | D:1      | Reached XP level 3. HP: 20/20 MP: 3/3
  1362 | D:2      | Reached skill level 5 in Stealth
  1362 | D:2      | Reached skill level 1 in Spellcasting
  1362 | D:2      | Reached XP level 4. HP: 26/26 MP: 5/5
  1429 | D:2      | Found a basalt altar of Yredelemnul.
  1496 | D:2      | Noticed Jessica
  1784 | D:2      | Killed Jessica
  1784 | D:2      | Reached XP level 5. HP: 14/30 MP: 6/6
  1978 | D:2      | Noticed Natasha
  2350 | D:2      | Killed Natasha
  2350 | D:2      | Reached skill level 1 in Dodging
  2999 | D:3      | Reached XP level 6. HP: 26/36 MP: 8/8
  3771 | D:4      | Noticed Sigmund
  3934 | D:4      | Found a hide-covered altar of Uskayaw.
  3934 | D:4      | Found a shimmering blue altar of Sif Muna.
  3935 | D:4      | Found a sacrificial altar of Ru.
  3944 | D:4      | Became a worshipper of Ru the Awakened
  4707 | D:4      | Killed Sigmund
  4707 | D:4      | Reached skill level 1 in Armour
  4707 | D:4      | Reached XP level 7. HP: 20/41 MP: 10/10
  5079 | D:4      | Noticed Eustachio
  5105 | D:4      | Killed Eustachio
  5360 | D:4      | Noticed a troll
  5645 | D:5      | Entered Level 5 of the Dungeon
  5718 | D:4      | Reached XP level 8. HP: 46/46 MP: 11/11
  5743 | D:4      | Noticed Robin
  5772 | D:4      | Killed Robin
  6346 | D:5      | Gained mutation: You cannot study or use magical devices.
                  | [Ru sacrifice]
  6346 | D:5      | Reached * piety under Ru
  6346 | D:5      | Reached ** piety under Ru
  6369 | D:5      | Noticed Duvessa
  6370 | D:5      | Noticed Dowan
  6374 | D:5      | Noticed Menkaure
  6914 | D:5      | Killed Dowan
  7158 | D:5      | Killed Duvessa
  8003 | D:5      | Killed Menkaure
  8003 | D:5      | Reached skill level 10 in Short Blades
  8036 | D:6      | Found a shattered altar of Ashenzari.
  8055 | D:6      | Reached XP level 9. HP: 45/52 MP: 13/13
  8056 | D:6      | Found an iron altar of Okawaru.
  8056 | D:6      | Found an ornate altar of the Wu Jian Council.
  8100 | D:6      | Found a glowing silver altar of Zin.
  8102 | D:6      | Found a blossoming altar of Fedhas.
  8108 | D:6      | Found an opulent altar of Gozag.
  8130 | D:6      | Found an opulent altar of Gozag.
  8366 | D:6      | Found an ancient bone altar of Kikubaaqudgha.
  8833 | D:5      | Reached skill level 5 in Fighting
  9084 | D:5      | Noticed Ijyb
  9241 | D:4      | Killed Ijyb
 10055 | D:7      | Found a staircase to the Ecumenical Temple.
 10626 | D:7      | Found a hazy altar of Hepliaklqana.
 10901 | D:7      | Noticed Pikel
 11293 | D:7      | Found a sparkling altar of Nemelex Xobeh.
 11812 | D:8      | Reached XP level 10. HP: 60/60 MP: 14/14
 11852 | D:8      | Reached skill level 10 in Stealth
 11862 | D:8      | Learned a level 3 spell: Frozen Ramparts
 12029 | D:8      | Reached skill level 5 in Dodging
 12105 | D:8      | Learned a level 1 spell: Animate Skeleton
 12119 | D:8      | Reached skill level 1 in Long Blades
 13917 | D:9      | Found a runed translucent door.
 13918 | D:9      | Found a runed translucent door.
 14404 | D:10     | Entered Level 10 of the Dungeon
 14497 | D:10     | Found Geangim's Magic Scroll Emporium.
 14502 | D:10     | Bought a scroll of enchant armour for 82 gold pieces
 14502 | D:10     | Bought a scroll of enchant armour for 82 gold pieces
 14502 | D:10     | Bought a scroll of identify for 22 gold pieces
 14502 | D:10     | Bought a scroll of identify for 22 gold pieces
 14502 | D:10     | Bought a scroll of identify for 22 gold pieces
 14502 | D:10     | Bought a scroll of teleportation for 33 gold pieces
 14502 | D:10     | Bought a scroll of teleportation for 33 gold pieces
 14715 | D:10     | Slain by a troll

Levels and vault maps discovered:
D:1:      matt_arrival_diagonals, layout_loops_ring, nrook_campfire,
          minmay_misc_feat_enclosed, minmay_box_of_dots
D:2:      layout_basic, marbit_many_paths, uniq_natasha, uniq_jessica
D:3:      layout_loops_cross
D:4:      layout_basic, gammafunk_temple_overflow_claw, uniq_sigmund,
          uniq_robin, uniq_eustachio
D:5:      layout_gridville, first_ration, uniq_ijyb, uniq_duvessa, uniq_menkaure
D:6:      minmay_diamond_boxcup, layout_rooms, lemuel_crystal_altar,
          chequers_temple_overflow_minitemple, lemuel_doored_altar,
          nicolae_gozag_seed_capital
D:7:      layout_layer_cave, lemuel_coloured_pillars_altar, kennysheep_mini,
          minmay_temple_entry_statues, uniq_pikel
D:8:      layout_basic
D:9:      lemuel_insect_pit, layout_basic
D:10:     kennysheep_blocky_room, layout_cave_pods, david_orc_2, serial_shops,
          shop_scrolls, nicolae_shop_waterfront, shop, shop, nicolae_shop_trees

Skill      XL: |  1  2  3  4  5  6  7  8  9 10 |
---------------+-------------------------------+-----
Short Blades   | 7 8 9 10 11 | 11.2
Stealth        | 5 6 7 9 11 | 11.1
Spellcasting   | 1 2 3 |  3.3
Fighting       | 2 3 4 6 7 |  7.3
Dodging        | 1 2 3 4 5 |  5.8
Armour         | 1 2 |  2.8
Evocations     | 0 |  0.0
Long Blades    | 4 |  4.9

Action                   |  1- 3 |  4- 6 |  7- 9 | 10-12 || total
-------------------------+-------+-------+-------+-------++-------
Melee: Short sword       |    98 |   283 |   544 |    49 ||   974
       Long sword        |       |       |     3 |   259 ||   262
Throw: Dart              |       |       |       |     1 ||     1
 Cast: Animate Skeleton  |       |       |       |     1 ||     1
Invok: Sacrifice Artific |       |       |     1 |       ||     1
       Reject Sacrifices |       |       |     1 |       ||     1
  Use: Scroll            |     1 |     4 |     4 |     4 ||    13
       Potion            |     1 |     1 |     8 |     4 ||    14
 Stab: Sleeping          |    14 |     4 |    19 |     7 ||    44
       Distracted        |     1 |     2 |     3 |     3 ||     9
       Invisible         |       |       |     1 |     2 ||     3
  Eat: Chunk             |    10 |    10 |    21 |    17 ||    58
Armor: Robe              |    32 |    23 |    35 |    58 ||   148
       Skin              |     3 |     5 |       |       ||     8
       Leather armour    |       |    24 |    20 |       ||    44
Dodge: Dodged            |   101 |   192 |   218 |   234 ||   745
Block: Other             |       |     5 |    41 |    28 ||    74
       Reflection        |       |       |     1 |       ||     1
       Rpst.: Long sword |       |       |     1 |    66 ||    67

Table legend:
 A = Non-vault XP
 B = Vault XP
 C = Vault XP percentage of total XP
 D = Non-vault monster count
 E = Vault monster count
 F = Vault count percentage of total count
                 A         B        C        D         E       F
            +---------+---------+-------+---------+---------+-------
      Total |    5669 |    1878 |  24.9 |     208 |      34 |  14.0
            +---------+---------+-------+---------+---------+-------
        D:1 |      70 |       5 |   6.7 |      33 |       3 |   8.3
        D:2 |      49 |      78 |  61.4 |      19 |       3 |  13.6
        D:3 |     175 |       0 |   0.0 |      31 |       0 |   0.0
        D:4 |     305 |     490 |  61.6 |      21 |      12 |  36.4
        D:5 |     898 |     427 |  32.2 |      31 |       4 |  11.4
        D:6 |     287 |     392 |  57.7 |      10 |       7 |  41.2
        D:7 |     700 |       0 |   0.0 |      21 |       0 |   0.0
        D:8 |    1486 |       0 |   0.0 |      21 |       0 |   0.0
        D:9 |    1699 |       0 |   0.0 |      21 |       0 |   0.0
       D:10 |       0 |     486 | 100.0 |       0 |       5 | 100.0
            +---------+---------+-------+---------+---------+-------
